AoeStats
← gob b

Arena

504604844Analyzed
4v4 RM · 26d ago on Sep 5, 2026· 49m 35s· 8 players
Game mode
Random Map
Map size
Large (8 player)
Population
200
Speed
Normal
Resources
Standard
Victory
Conquest
Starting age
Dark Age
Ending age
Imperial Age
RankedLock teamsTeams togetherTeam positionsShared explorationLock speedFull tech treeHidden civsTurbo modeCheats
Victory
Defeat
🇮🇳 Mongols · India
1140
+13
🇨🇴 Bohemians · Colombia
1133
+14
🇹🇼 Spanish · Taiwan
1114
+14
🇮🇳 Burgundians · India
1097
+15
🇩🇪 Armenians · Germany
1093
-15
🇩🇪 Cumans · Germany
1092
-14
🇪🇸 Japanese · Spain
1081
-14
🇩🇪 Teutons · Germany
1060
-13
PlaceboJesse
0:26 Loom
11:57 Feudal Age
15:46 Castle Age
14:53 Horse Collar
15:01 Double-Bit Axe
20:05 Heavy Plow
22:13 Forging
22:09 Scale Barding Armor
23:09 Wheelbarrow
23:47 Iron Casting
24:57 Chain Barding Armor
31:48 Pikeman
ramis7_7
13:50 Feudal Age
15:03 Double-Bit Axe
15:01 Horse Collar
18:15 Castle Age
19:57 Bow Saw
19:49 Heavy Plow
20:43 Wheelbarrow
23:05 Gold Mining
23:06 Stone Mining
23:33 Stone Mining
25:08 Sanctity
25:45 Hand Cart
26:50 Scale Mail Armor
27:00 Forging
27:07 Masonry
27:18 Loom
28:13 Gold Shaft Mining
29:45 Iron Casting
29:26 Chain Mail Armor
31:33 Squires
31:18 Arson
34:26 Imperial Age
33:21 Ballistics
32:56 Fletching
34:19 Yasama
34:25 Bodkin Arrow
34:23 Guard Tower
34:15 Treadmill Crane
34:30 Murder Holes
34:47 Fortified Wall
35:43 Conscription
34:44 Elite Samurai
36:30 Blast Furnace
36:00 Plate Mail Armor
36:40 Two-Man Saw
35:52 Bracer
36:54 Gambesons
38:46 Chemistry
38:22 Keep
37:32 Arrowslits
38:17 Devotion
38:11 Pikeman
39:07 Halberdier
43:22 Padded Archer Armor
43:18 Town Watch
43:12 Capped Ram
43:31 Elite Skirmisher
44:17 Thumb Ring
44:20 Town Patrol
44:56 Faith
47:56 Hoardings
48:33 Leather Archer Armor
49:52 Ring Archer Armor
Kauly | TTV
7:47 Loom
10:11 Feudal Age
12:10 Double-Bit Axe
21:06 Castle Age
22:17 Horse Collar
23:23 Wheelbarrow
25:47 Town Watch
27:54 Bow Saw
28:42 Bloodlines
32:24 Imperial Age
32:30 Heavy Plow
33:00 Scale Barding Armor
33:31 Forging
34:25 Chain Barding Armor
35:11 Conscription
36:19 Iron Casting
37:16 Cavalier
40:16 Blast Furnace
38:50 Pikeman
40:47 Paladin
41:40 Squires
44:30 Light Cavalry
45:19 Fletching
46:26 Hand Cart
45:56 Hussar
46:42 Steppe Husbandry
46:47 Bodkin Arrow
46:54 Padded Archer Armor
46:36 Elite Skirmisher
47:23 Thumb Ring
47:36 Halberdier
Kellokz
11:00 Feudal Age
11:09 Man-at-Arms
12:37 Long Swordsman
18:22 Horse Collar
18:59 Double-Bit Axe
19:58 Pikeman
24:47 Castle Age
24:13 Wheelbarrow
23:45 Gold Mining
24:30 Forging
24:21 Scale Mail Armor
25:35 Two-Handed Swordsman
28:21 Hand Cart
28:23 Halberdier
29:38 Heavy Plow
30:38 Squires
30:25 Arson
30:32 Two-Handed Swordsman
31:30 Champion
32:00 Gambesons
32:53 Iron Casting
36:06 Chain Mail Armor
42:18 Imperial Age
42:27 Capped Ram
43:47 Siege Ram
47:39 Conscription
gob b
12:44 Feudal Age
12:33 Double-Bit Axe
12:30 Horse Collar
16:40 Castle Age
15:34 Bow Saw
16:14 Gold Mining
16:45 Scale Barding Armor
17:25 Cavalier
18:06 Husbandry
28:06 Wheelbarrow
28:34 Chain Barding Armor
28:20 Heavy Plow
29:22 Two-Man Saw
31:26 Forging
34:15 Imperial Age
32:03 Hand Cart
32:53 Iron Casting
34:45 Crop Rotation
34:24 Paladin
38:42 Chemistry
38:02 Ballistics
37:51 Padded Archer Armor
38:27 Plate Barding Armor
38:53 Blast Furnace
38:24 Loom
39:00 Leather Archer Armor
41:11 Conscription
40:57 Burgundian Vineyards
xSheepLord
11:22 Feudal Age
12:23 Double-Bit Axe
12:38 Horse Collar
15:14 Castle Age
16:22 Bow Saw
19:19 Stone Mining
19:19 Gold Mining
19:31 Gold Mining
28:29 Imperial Age
27:34 Wheelbarrow
26:44 Loom
27:01 Loom
30:10 Bloodlines
30:00 Husbandry
30:15 Scale Barding Armor
30:21 Forging
30:39 Hand Cart
30:28 Heavy Plow
30:02 Elite Steppe Lancer
31:28 Chain Barding Armor
33:13 Iron Casting
37:04 Conscription
37:48 Stone Mining
38:23 Fletching
38:34 Padded Archer Armor
39:35 Blast Furnace
38:47 Nomads
38:37 Elite Mangudai
39:09 Fletching
39:19 Padded Archer Armor
41:54 Chemistry
41:18 Ballistics
41:00 Bodkin Arrow
42:47 Bracer
43:03 Leather Archer Armor
42:55 Siege Engineers
43:02 Masonry
43:28 Hoardings
44:39 Capped Ram
45:34 Siege Ram
46:40 Drill
47:55 Thumb Ring
48:18 Parthian Tactics
as8923221
11:26 Feudal Age
12:59 Double-Bit Axe
15:30 Castle Age
13:21 Horse Collar
14:20 Stone Mining
17:41 Wheelbarrow
23:36 Padded Archer Armor
24:21 Bow Saw
25:33 Gold Mining
26:39 Hand Cart
26:35 Heavy Plow
28:16 Bloodlines
28:07 Husbandry
29:53 Light Cavalry
32:05 Leather Archer Armor
31:43 Fletching
32:00 Scale Barding Armor
32:08 Loom
32:08 Town Watch
38:01 Imperial Age
36:39 Stone Shaft Mining
37:54 Chain Barding Armor
37:45 Forging
37:52 Fervor
38:03 Sanctity
40:33 Ring Archer Armor
40:38 Plate Barding Armor
40:39 Iron Casting
40:28 Conscription
41:47 Hoardings
42:04 Bodkin Arrow
43:14 Two-Man Saw
42:00 Hussar
45:27 Fortified Wall
45:50 Thumb Ring
46:38 Bracer
48:12 Chemistry
47:39 Ballistics
47:29 Masonry
48:49 Town Patrol
50:26 Blast Furnace
49:27 Scale Mail Armor
Teodoro
12:12 Feudal Age
13:19 Double-Bit Axe
16:01 Castle Age
14:30 Horse Collar
Connection lost

Rejoining the realm…

Still unreachable

The connection could not be restored.

Session expired

The server has moved on; the page needs a fresh start.